 Dungeon Crawl Stone Soup version 0.19.1-1-g22dce08 (webtiles) character file.

248 Naksu the Ruffian (level 5, -2/41 HPs)
             Began as a Draconian Transmuter on Jan 18, 2017.
             Was a Follower of the Shining One.
             Slain by a hound (6 damage)
             ... on level 4 of the Dungeon.
             The game lasted 00:08:49 (2181 turns).

Naksu the Ruffian (Draconian Transmuter)            Turns: 2181, Time: 00:08:49

Health: -2/41      AC:  7    Str: 13    XL:     5   Next: 86%
Magic:  8/8        EV: 12    Int: 18    God:    the Shining One [*.....]
Gold:   118        SH:  0    Dex: 12    Spells: 1 memorised, 7 levels left

rFire  + . .     SeeInvis .     c - +4 spear
rCold  . . .     Gourm    .     (armour unavailable)
rNeg   . . .     Faith    .     (no shield)
rPois  .         Spirit   .     (helmet restricted)
rElec  .         Reflect  .     (no cloak)
rCorr  .         Harm     .     g - +1 pair of gloves
MR     .....                    (no boots)
Stlth  +.........               (no amulet)
                                (no ring)
                                (no ring)

@: brilliant, very slightly contaminated, glowing, invisible (but backlit and
visible)
A: unfitting armour, blink, fire resistance 1, wild magic 1, cold-blooded, AC +5
a: Blink, Renounce Religion


You were on level 4 of the Dungeon.
You worshipped the Shining One.
The Shining One was aware of your devotion.
You were not hungry.

You visited 1 branch of the dungeon, and saw 4 of its levels.

You collected 118 gold pieces.

Inventory:

Hand Weapons
 c - a +4 spear (weapon)
Missiles
 a - 54 arrows
Armour
 f - a cursed -1 ring mail
 g - a +1 pair of gloves (worn)
Scrolls
 e - 2 scrolls of random uselessness
 i - a scroll of remove curse
 k - a scroll of magic mapping
Potions
 d - 3 potions of curing
 j - a potion of agility
 n - a potion of cancellation
Books
 b - a book of Changes

   Spells                             Type                      Level
   a - Beastly Appendage              Transmutation                1
   b - Sticks to Snakes               Transmutation                2
   c - Spider Form                    Transmutation/Poison         3
   d - Ice Form                       Ice/Transmutation            4
   e - Blade Hands                    Transmutation                5
Comestibles
 h - 3 fruits
 s - a bread ration
 u - a slice of pizza


   Skills:
 + Level 2.0 Fighting
 + Level 2.5 Polearms
 + Level 2.5 Dodging
 + Level 1.5 Stealth
 + Level 4.6 Unarmed Combat
 + Level 2.3 Spellcasting
 + Level 2.1 Transmutations


You had 7 spell levels left.
You knew the following spells:

 Your Spells              Type           Power        Failure   Level  Hunger
a - Beastly Appendage     Tmut           ####..       1%          1    #......


Dungeon Overview and Level Annotations

Branches:
Dungeon (4/15)
 Temple: D:4-7

Altars:
Nemelex Xobeh
The Shining One

Annotations:
D:4 Eustachio


Innate Abilities, Weirdness & Mutations

Your plain brown scales are hard. (AC +5)
You cannot fit into any form of body armour.
You are cold-blooded and may be slowed by cold attacks.
You can translocate small distances at will.
Your flesh is heat resistant. (rF+)
Your spells are a little harder to cast, but a little more powerful.


Message History

Eustachio casts a spell.
Eustachio blinks!
The giant cockroach bites you but does no damage.
The hound bites you but does no damage.
The quokka bites you but does no damage.
The ufetubus hits you but does no damage.
The ufetubus misses you. The bat hits you but does no damage.
The giant cockroach barely misses you.
You see here a mace.
The bat hits you but does no damage. The hound closely misses you.
The quokka twitches its whiskers.
The hound closely misses you.
The giant cockroach bites you but does no damage.
The bat hits you but does no damage. The white imp completely misses you.
The quokka closely misses you. The hound misses you.
The bat closely misses you. The bat hits you but does no damage.
The bat closely misses you. The hound bites you.
You die...

#..........#
#....$.....#
#........#
##........##
#..........#
#...<..†...#
##..r5.)....#
##..##.bs..@.....#
.......@h5.r.....#
##.#####rs......##
##......##
#..###### #.## #.
#.


You could see Eustachio, a scorpion, a hound, a white imp, an ufetubus, 3
quokkas, a giant cockroach and a bat.

Vanquished Creatures
  2 orc priests (D:3)
  Jessica (D:2)
  An iguana (D:4)
  Terence (D:2)
  5 adders
  An ooze (D:1)
  A dart slug (D:1)
  A leopard gecko (D:3)
  4 orcs
  A ball python (D:1)
  2 giant cockroaches
  4 goblins
  6 hobgoblins
  8 jackals
  6 kobolds
  5 bats
  5 frilled lizards
  9 rats
63 creatures vanquished.

Notes
Turn   | Place    | Note
-------+----------+-------------------------------------------
     0 | D:1      | Naksu the Draconian Transmuter began the quest for the Orb.
     0 | D:1      | Reached XP level 1. HP: 16/16 MP: 3/3
   110 | D:1      | Reached XP level 2. HP: 17/23 MP: 5/5
   830 | D:2      | Noticed Terence
   851 | D:2      | Killed Terence
   851 | D:2      | Reached skill level 4 in Unarmed Combat
   851 | D:2      | Reached XP level 3. HP: 14/28 MP: 4/6
   900 | D:2      | Found a glowing golden altar of the Shining One.
  1006 | D:2      | Became a worshipper of the Shining One
  1032 | D:2      | Noticed Jessica
  1037 | D:2      | Killed Jessica
  1037 | D:2      | Reached skill level 1 in Stealth
  1037 | D:2      | Reached XP level 4. HP: 22/35 MP: 7/7
  1769 | D:3      | Reached XP level 5. HP: 29/41 MP: 8/8
  1916 | D:3      | Reached skill level 1 in Polearms
  2095 | D:3      | Found a sparkling altar of Nemelex Xobeh.
  2148 | D:4      | Noticed Eustachio
  2148 | D:4      | Reached * piety under the Shining One
  2169 | D:4      | Gained mutation: You can translocate small distances at will. [potion of mutation]
  2169 | D:4      | Gained mutation: Your flesh is heat resistant. (rF+) [potion of mutation]
  2169 | D:4      | Gained mutation: Your spells are a little harder to cast, but a little more powerful. [potion of mutation]
  2181 | D:4      | Slain by a hound

Skill      XL: |  1  2  3  4  5 |
---------------+----------------+-----
Unarmed Combat | 4 |  4.6
Stealth        | 1 |  1.5
Dodging        | 2 |  2.5
Polearms       | 2 |  2.5
Fighting       | 2 |  2.0
Spellcasting   | |  2.3
Transmutations | |  2.1

Action                   |  1- 3 |  4- 6 || total
-------------------------+-------+-------++-------
Melee: Unarmed           |    89 |       ||    89
       Tailslap          |    10 |    12 ||    22
       Punch             |     1 |     4 ||     5
       Spear             |     4 |   114 ||   118
       Kick              |     1 |       ||     1
 Cast: Beastly Appendage |     3 |       ||     3
  Use: Potion            |       |    11 ||    11
       Scroll            |       |     5 ||     5
 Stab: Sleeping          |     1 |       ||     1
  Eat: Bread ration      |     1 |       ||     1
Armor: Skin              |    14 |    85 ||    99
Dodge: Dodged            |    47 |   214 ||   261
